 Dungeon Crawl Stone Soup version 0.18-a0-1554-g49b38aa (webtiles) character file.

79 Psiweapon the Skirmisher (level 4, -2/49 HPs)
             Began as an Ogre Berserker on Mar 12, 2016.
             Was a Believer of Trog.
             Slain by Psiweapon's ghost (9 damage)
             ... on level 4 of the Dungeon.
             The game lasted 00:10:57 (1655 turns).

Psiweapon the Skirmisher (Ogre Berserker)           Turns: 1655, Time: 00:10:57

Health: -2/49      AC:  3    Str: 22    XL:     4   Next: 38%
Magic:  4/4        EV: 10    Int:  6    God:    Trog [**....]
Gold:   127        SH:  0    Dex: 10    Spells: 0 memorised, 3 levels left

rFire  . . .     SeeInvis .     p - +0 flail
rCold  . . .     Gourm    .     b - +0 animal skin
rNeg   . . .     Faith    .     (no shield)
rPois  .         Spirit   .     (helmet restricted)
rElec  .         Dismiss  .     (no cloak)
rCorr  .         Reflect  .     (gloves unavailable)
SustAt .         Harm     .     (boots unavailable)
MR     ++...                    o - amulet of inaccuracy (curse)
Stlth  +.........               (no ring)
                                (no ring)

@: exhausted, regenerating, slowed, very slow, very resistant to hostile
enchantments, very unstealthy
A: unfitting armour, tough skin 1
a: Berserk, Trog's Hand, Burn Spellbooks, Renounce Religion


You were on level 4 of the Dungeon.
You worshipped Trog.
Trog was pleased with you.
You were hungry.

You visited 1 branch of the dungeon, and saw 4 of its levels.

You collected 127 gold pieces.

Inventory:

Hand Weapons
 a - a +0 mace
 i - a +0 spear
 p - a +0 flail (weapon)
Missiles
 e - 133 stones (quivered)
Armour
 b - a +0 animal skin (worn)
Jewellery
 o - a cursed amulet of inaccuracy (around neck)
Scrolls
 f - a scroll of magic mapping
 g - 3 scrolls of identify
 h - 2 scrolls of blinking
 l - a scroll of fog
Potions
 j - a potion of lignification {unknown}
 m - a potion of curing {unknown}
 q - a potion of might {unknown}
Comestibles
 c - 2 bread rations
 d - a slice of pizza
 k - 2 chunks of flesh
 n - a beef jerky


   Skills:
 + Level 4.8 Fighting
 + Level 4.5 Maces & Flails
 + Level 3.7 Dodging
 + Level 0.6 Stealth


You had 3 spell levels left.
You didn't know any spells.

Dungeon Overview and Level Annotations

Branches:
Dungeon (4/15)
 Temple: D:4-7

Altars:
Okawaru
Qazlal
Ru
The Shining One

Annotations:
D:4 Psiweapon's ghost, amateur DDNe


Innate Abilities, Weirdness & Mutations

You are too large for most types of armour.
You have tough skin (AC +1).


Message History

The worm barely misses you.
You miss Psiweapon's ghost.
Psiweapon's ghost is moderately damaged.
Psiweapon's ghost says, "A storm is coming..."
Psiweapon's ghost is infused with unholy energy.
* * * LOW HITPOINT WARNING * * *
Psiweapon's ghost draws life force from you and is healed!
The worm bites you.
* * * LOW HITPOINT WARNING * * *
Psiweapon's ghost barely misses you.
You hit Psiweapon's ghost.
Psiweapon's ghost is moderately damaged.
Psiweapon's ghost shrieks, "They lied to you.
The Dungeon just goes down and down forever."
Psiweapon's ghost barely misses you. The worm bites you.
* * * LOW HITPOINT WARNING * * *
You hit Psiweapon's ghost but do no damage.
Psiweapon's ghost is moderately damaged.
You feel the effects of Trog's Hand fading.
Psiweapon's ghost hits you!
You die...

#..# #..#
#... #..#
#..# #..#
#..######
#.wW....##.#
##@........#
###..###....#
#..<.........
#.#..##......
#.#..# .#.# #
#..# # #...
##... ####


You could see a worm and Psiweapon's ghost.

Vanquished Creatures
  An adder (D:2)
  A shadow imp (D:3)
  An ooze (D:3)
  2 worms
  A dart slug (D:3)
  10 bats
  A giant cockroach (D:1)
  3 goblins
  13 hobgoblins
  4 jackals (D:1)
  3 giant newts
  6 rats
46 creatures vanquished.

Notes
Turn   | Place    | Note
--------------------------------------------------------------
     0 | D:1      | Psiweapon the Ogre Berserker began the quest for the Orb.
     0 | D:1      | Reached XP level 1. HP: 24/24 MP: 1/1
    39 | D:1      | Reached XP level 2. HP: 32/32 MP: 2/2
   343 | D:1      | Reached XP level 3. HP: 23/40 MP: 3/3
   542 | D:2      | Found an iron altar of Okawaru.
   542 | D:2      | Found a stormy altar of Qazlal.
   574 | D:2      | Found a glowing golden altar of the Shining One.
   764 | D:1      | Reached ** piety under Trog
  1356 | D:3      | Reached XP level 4. HP: 44/49 MP: 4/4
  1426 | D:3      | Found a sacrificial altar of Ru.
  1642 | D:4      | Noticed Psiweapon's ghost (amateur DDNe)
  1655 | D:4      | Slain by Psiweapon's ghost

Vault maps used:
D:1:      roderic_dead_forest
D:2:      overflow_temple_1_default, gammafunk_temple_overflow_statue
D:3:      nicolae_ru_sacrificial_ziggurat, serial_park_tiny_pond
D:4:      grunt_temple_overflow_lords_of_destruction, gup_sewer_entry_glass,
          first_bread, uniq_natasha, uniq_robin

Skill      XL: |  1 |
---------------+----+-----
Dodging        | 3 |  3.7
Fighting       | |  4.8
Maces & Flails | |  4.5
Stealth        | |  0.6

Action                   |  1- 3 |  4- 6 || total
-------------------------+-------+-------++-------
Melee: Mace              |   140 |    16 ||   156
       Flail             |       |    36 ||    36
Invok: Berserk           |     1 |     2 ||     3
       Trog's Hand       |       |     1 ||     1
  Use: Scroll            |       |     3 ||     3
  Eat: Chunk             |     3 |     2 ||     5
